ESL (28 & UNDER)
MINNESOTA MANBEARPIGS @ PENQUANNOCK OVERRATED JETER
07/07/2028
 
TOP OF THE 1ST
Minnesota ManBearPigs batting - Pitching for Penquannock Overrated Jeter : LHP Brian Gunther
Pitching: LHP Brian Gunther
Batting: LHB Elvin Summers 0-0: Called Strike
0-1: Called Strike
0-2: Strikes out looking
Batting: RHB Casey Fox 0-0: Called Strike
0-1: Foul Ball, location: 2F
0-2: Fly out, F9 (Flyball, 34D)
Batting: RHB Pat Fernández 0-0: Ball
1-0: Ball
2-0: Ball
3-0: Called Strike
3-1: Fly out, F8 (Flyball, 8RS)
Top of the 1st over - 0 run(s), 0 hit(s), 0 error(s), 0 left on base; Minnesota 0 - Penquannock 0
BOTTOM OF THE 1ST
Penquannock Overrated Jeter batting - Pitching for Minnesota ManBearPigs : LHP Glenn Fox
Pitching: LHP Glenn Fox
Batting: RHB Phil Wright 0-0: Called Strike
0-1: Ground out 6-3 (Groundball, 6)
Batting: RHB Armando Pagán 0-0: Foul Ball, location: 2F
0-1: Foul Ball, location: 2F
0-2: Fly out, F9 (Line Drive, 9)
Batting: RHB José Velásquez 0-0: Fly out, F8 (Flyball, 8RD)
Bottom of the 1st over - 0 run(s), 0 hit(s), 0 error(s), 0 left on base; Minnesota 0 - Penquannock 0
TOP OF THE 2ND
Minnesota ManBearPigs batting - Pitching for Penquannock Overrated Jeter : LHP Brian Gunther
Batting: RHB Ricardo Salazar 0-0: Called Strike
0-1: Ball
1-1: Swinging Strike
1-2: Strikes out swinging
Batting: RHB Ichizo Akiyama 0-0: Called Strike
0-1: Foul Ball, location: 2F
0-2: Ball
1-2: Ground out 5-3 (Groundball, 56)
Batting: RHB Carlos López 0-0: Ball
1-0: Called Strike
1-1: Foul Ball, location: 2F
1-2: Fly out, F8 (Flyball, 78D)
Top of the 2nd over - 0 run(s), 0 hit(s), 0 error(s), 0 left on base; Minnesota 0 - Penquannock 0
BOTTOM OF THE 2ND
Penquannock Overrated Jeter batting - Pitching for Minnesota ManBearPigs : LHP Glenn Fox
Batting: RHB António Rodríguez 0-0: Ground out 5-3 (Groundball, 5)
Batting: LHB Tony Green 0-0: Called Strike
0-1: Called Strike
0-2: Ball
1-2: Strikes out swinging
Batting: LHB Ron Robinson 0-0: Ball
1-0: Ball
2-0: Foul Ball, location: 2F
2-1: SINGLE (Flyball, 8RS)
Batting: RHB Barton Frazier 0-0: Called Strike
Throwing error on steal attempt, E2
Ron Robinson to third
0-1: Ground out 5-3 (Groundball, 56)
Bottom of the 2nd over - 0 run(s), 1 hit(s), 1 error(s), 1 left on base; Minnesota 0 - Penquannock 0
TOP OF THE 3RD
Minnesota ManBearPigs batting - Pitching for Penquannock Overrated Jeter : LHP Brian Gunther
Batting: RHB Jeffrey Hicks 0-0: Called Strike
0-1: Foul Ball, location: 2F
0-2: Ground out 5-3 (Groundball, 56)
Batting: RHB Luis Maldonado 0-0: Ground out U3 (Groundball, 23)
Batting: RHB Ben Barker 0-0: Ball
1-0: SINGLE (Groundball, 6MD)
Batting: LHB Elvin Summers 0-0: Called Strike
0-1: Ball
1-1: DOUBLE (Line Drive, 9LM)
Ben Barker to third
Runner from 3rd tries for Home, SAFE, no throw
Batting: RHB Casey Fox 0-0: Ball
1-0: Ground out 5-3 (Groundball, 56)
Top of the 3rd over - 1 run(s), 2 hit(s), 0 error(s), 1 left on base; Minnesota 1 - Penquannock 0
BOTTOM OF THE 3RD
Penquannock Overrated Jeter batting - Pitching for Minnesota ManBearPigs : LHP Glenn Fox
Batting: RHB Manny Perea 0-0: Called Strike
0-1: Called Strike
0-2: Ball
1-2: Fly out, F4 (Popup, 3D)
Batting: LHB Matt Reese 0-0: Called Strike
0-1: Foul Ball, location: 2F
0-2: Ball
1-2: Foul Ball, location: 2F
1-2: Ball
2-2: Ball
3-2: Foul Ball, location: 2F
3-2: SINGLE (Flyball, 8LS)
Batting: RHB Phil Wright 0-0: Ball
1-0: Called Strike
1-1: Grounds into double play, 4-6-3 (Groundball, 4)
Bottom of the 3rd over - 0 run(s), 1 hit(s), 0 error(s), 0 left on base; Minnesota 1 - Penquannock 0
TOP OF THE 4TH
Minnesota ManBearPigs batting - Pitching for Penquannock Overrated Jeter : LHP Brian Gunther
Batting: RHB Pat Fernández 0-0: SINGLE (Groundball, 23) (infield hit)
Batting: RHB Ricardo Salazar 0-0: Called Strike
0-1: Ball
1-1: Swinging Strike
1-2: Ball
2-2: Foul Ball, location: 2F
2-2: Ball
3-2: Foul Ball, location: 2F
3-2: Base on Balls
Pat Fernández to second
Batting: RHB Ichizo Akiyama 0-0: Called Strike
0-1: Swinging Strike
0-2: Ball
1-2: Ball
2-2: Ground out 5-3 (Groundball, 56S)
Pat Fernández to third
Ricardo Salazar to second
Batting: RHB Carlos López 0-0: Foul Ball, location: 2F
0-1: Foul Ball, location: 2F
0-2: Ball
1-2: SINGLE (Line Drive, 89S)
Pat Fernández scores
Ricardo Salazar to third
Batting: RHB Jeffrey Hicks 0-0: Called Strike
0-1: Ball
1-1: Ball
2-1: Ball
3-1: Base on Balls
Carlos López to second
Batting: RHB Luis Maldonado 0-0: Called Strike
0-1: Grounds into double play, 3-6-4 (Groundball, 34)
Top of the 4th over - 1 run(s), 2 hit(s), 0 error(s), 2 left on base; Minnesota 2 - Penquannock 0
BOTTOM OF THE 4TH
Penquannock Overrated Jeter batting - Pitching for Minnesota ManBearPigs : LHP Glenn Fox
Batting: RHB Armando Pagán 0-0: Ground out 6-3 (Groundball, 6)
Batting: RHB José Velásquez 0-0: Called Strike
0-1: Ball
1-1: Ball
2-1: Foul Ball, location: 2F
2-2: Strikes out looking
Batting: RHB António Rodríguez 0-0: Called Strike
0-1: Ball
1-1: Foul Ball, location: 2F
1-2: Foul Ball, location: 2F
1-2: Ball
2-2: Foul Ball, location: 2F
2-2: Foul Ball, location: 2F
2-2: Ground out 1-3 (Groundball, 13S)
Bottom of the 4th over - 0 run(s), 0 hit(s), 0 error(s), 0 left on base; Minnesota 2 - Penquannock 0
TOP OF THE 5TH
Minnesota ManBearPigs batting - Pitching for Penquannock Overrated Jeter : LHP Brian Gunther
Batting: RHB Ben Barker 0-0: Ball
1-0: Called Strike
1-1: Swinging Strike
1-2: Strikes out swinging
Batting: LHB Elvin Summers 0-0: Fly out, F3 (Line Drive, 34)
Batting: RHB Casey Fox 0-0: Ball
1-0: Ball
2-0: SINGLE (Groundball, 4MS) (infield hit)
Batting: RHB Pat Fernández 0-0: Called Strike
0-1: Foul Ball, location: 2F
0-2: Ball
Throwing error on steal attempt, E2
Casey Fox to third
1-2: SINGLE (Flyball, 3D)
Casey Fox scores
Batting: RHB Ricardo Salazar 0-0: Ball
1-0: Called Strike
1-1: Ball
2-1: Fly out, F8 (Line Drive, 8RM)
Top of the 5th over - 1 run(s), 2 hit(s), 1 error(s), 1 left on base; Minnesota 3 - Penquannock 0
BOTTOM OF THE 5TH
Penquannock Overrated Jeter batting - Pitching for Minnesota ManBearPigs : LHP Glenn Fox
Batting: LHB Tony Green 0-0: Foul Ball, location: 2F
0-1: Foul Ball, location: 2F
0-2: SINGLE (Line Drive, 9LS)
Batting: LHB Ron Robinson 0-0: Ball
1-0: Foul Ball, location: 2F
1-1: Foul Ball, location: 2F
1-2: Strikes out swinging
Batting: RHB Barton Frazier 0-0: Ball
1-0: Foul Ball, location: 2F
1-1: Foul Ball, location: 2F
1-2: SINGLE (Flyball, 9LS)
Tony Green to second
Batting: RHB Manny Perea 0-0: Ball
1-0: Ball
2-0: Called Strike
2-1: Foul Ball, location: 2F
2-2: Ball
3-2: Base on Balls
Tony Green to third
Barton Frazier to second
Batting: LHB Matt Reese 0-0: Swinging Strike
0-1: Called Strike
0-2: Ball
1-2: Ball
Wild Pitch!
Tony Green scores
Barton Frazier to third
Manny Perea to second
2-2: SINGLE (Flyball, 7)
Barton Frazier scores
Manny Perea to third
Batting: RHB Phil Wright 0-0: Ball
1-0: Called Strike
1-1: Ball
2-1: Ball
3-1: Fly out, F8 (Flyball, 89M)
Runner from 3rd tags up, SCORES, throw made
Batting: RHB Armando Pagán 0-0: Called Strike
0-1: Called Strike
0-2: Ball
Wild Pitch!
Matt Reese to second
1-2: Strikes out swinging
Bottom of the 5th over - 3 run(s), 3 hit(s), 0 error(s), 1 left on base; Minnesota 3 - Penquannock 3
TOP OF THE 6TH
Minnesota ManBearPigs batting - Pitching for Penquannock Overrated Jeter : LHP Brian Gunther
Batting: RHB Ichizo Akiyama 0-0: Fly out, F9 (Flyball, 89S)
Batting: RHB Carlos López 0-0: Swinging Strike
0-1: Foul Ball, location: 2F
0-2: Ball
1-2: Strikes out swinging
Batting: RHB Jeffrey Hicks 0-0: Ball
1-0: Foul Ball, location: 2F
1-1: Called Strike
1-2: Foul Ball, location: 2F
1-2: Foul Ball, location: 2F
1-2: Ball
2-2: Ball
3-2: Fly out, F8 (Flyball, 89M)
Top of the 6th over - 0 run(s), 0 hit(s), 0 error(s), 0 left on base; Minnesota 3 - Penquannock 3
BOTTOM OF THE 6TH
Penquannock Overrated Jeter batting - Pitching for Minnesota ManBearPigs : LHP Glenn Fox
Batting: RHB José Velásquez 0-0: Ball
1-0: TRIPLE (Line Drive, 8RD)
Batting: RHB António Rodríguez 0-0: Intentional Walk
Batting: LHB Tony Green 0-0: Ground out 4-3 (Groundball, 4)
António Rodríguez to second
Batting: LHB Ron Robinson 0-0: Ball
1-0: Fly out, F8 (Flyball, 78M)
Runner from 3rd tags up, SCORES, no throw
Pitching: RHP Danny Johnston
Batting: RHB Barton Frazier 0-0: Foul Ball, location: 2F
0-1: Ball
1-1: Swinging Strike
1-2: Ball
2-2: Foul Ball, location: 2F
2-2: Ball
3-2: Ground out 6-3 (Groundball, 6M)
Bottom of the 6th over - 1 run(s), 1 hit(s), 0 error(s), 1 left on base; Minnesota 3 - Penquannock 4
TOP OF THE 7TH
Minnesota ManBearPigs batting - Pitching for Penquannock Overrated Jeter : LHP Brian Gunther
Pitching: RHP Leonard Christensen
Batting: RHB Luis Maldonado 0-0: Ball
1-0: Swinging Strike
1-1: Ground out 6-3 (Groundball, 56)
Batting: RHB Ben Barker 0-0: Ball
1-0: Ball
2-0: Ball
3-0: Base on Balls
Batting: LHB Elvin Summers 0-0: Called Strike
Ben Barker is caught stealing 2nd base
0-1: Ball
1-1: Ball
2-1: Ball
3-1: Fly out, F7 (Line Drive, 7)
Top of the 7th over - 0 run(s), 0 hit(s), 0 error(s), 0 left on base; Minnesota 3 - Penquannock 4
BOTTOM OF THE 7TH
Penquannock Overrated Jeter batting - Pitching for Minnesota ManBearPigs : RHP Danny Johnston
Batting: RHB Manny Perea 0-0: Ball
1-0: Foul Ball, location: 2F
1-1: Ball
2-1: Ball
3-1: Ground out 5-3 (Groundball, 56S)
Batting: LHB Matt Reese 0-0: Foul Ball, location: 2F
0-1: Foul Ball, location: 2F
0-2: Ball
1-2: Fly out, F7 (Flyball, 7D)
Batting: RHB Phil Wright 0-0: Called Strike
0-1: Ball
1-1: Swinging Strike
1-2: Strikes out swinging
Bottom of the 7th over - 0 run(s), 0 hit(s), 0 error(s), 0 left on base; Minnesota 3 - Penquannock 4
TOP OF THE 8TH
Minnesota ManBearPigs batting - Pitching for Penquannock Overrated Jeter : RHP Leonard Christensen
Batting: RHB Casey Fox 0-0: Swinging Strike
0-1: Ball
1-1: Ball
2-1: Ball
3-1: Swinging Strike
3-2: Base on Balls
Batting: RHB Pat Fernández 0-0: Ball
1-0: Ball
2-0: Fly out, F6 (Line Drive, 6)
Pinch Hitting: LHB Colm Massey 0-0: Ball
1-0: Called Strike
1-1: Ball
2-1: Swinging Strike
2-2: Grounds into double play, 6-4-3 (Groundball, 6)
Top of the 8th over - 0 run(s), 0 hit(s), 0 error(s), 0 left on base; Minnesota 3 - Penquannock 4
BOTTOM OF THE 8TH
Penquannock Overrated Jeter batting - Pitching for Minnesota ManBearPigs : RHP Danny Johnston
Now in RF: Colm Massey
Batting: RHB Armando Pagán 0-0: SINGLE (Flyball, 9LM)
Batting: RHB José Velásquez 0-0: SINGLE (Line Drive, 9LM)
Armando Pagán to second
Pinch Hitting: LHB Eric Powell 0-0: Ball
1-0: Foul Ball, location: 2F
1-1: Foul Ball, location: 2F
1-2: Fielders Choice at 2nd, 3-6 (Groundball, 3)
Armando Pagán to third
Batting: LHB Tony Green 0-0: Foul Ball, location: 2F
0-1: Ball
1-1: Ball
2-1: 3-RUN HOME RUN (Flyball, 9D), Distance : 362 ft
Pitching: RHP Ernesto González
Batting: LHB Ron Robinson 0-0: Ball
1-0: Called Strike
1-1: Ball
2-1: Swinging Strike
2-2: Ground out 4-3 (Groundball, 4)
Batting: RHB Barton Frazier 0-0: Ball
1-0: Ball
2-0: Ball
3-0: Called Strike
3-1: Called Strike
3-2: Fly out, F7 (Line Drive, 7)
Bottom of the 8th over - 3 run(s), 3 hit(s), 0 error(s), 0 left on base; Minnesota 3 - Penquannock 7
TOP OF THE 9TH
Minnesota ManBearPigs batting - Pitching for Penquannock Overrated Jeter : RHP Leonard Christensen
Now at 2B: Fernando Díaz
Batting: RHB Ichizo Akiyama 0-0: Ball
1-0: Ball
2-0: Called Strike
2-1: Ground out 2-3 (Groundball, 2R)
Batting: RHB Carlos López 0-0: Ball
1-0: Ground out 1-3 (Groundball, P)
Batting: RHB Jeffrey Hicks 0-0: Ball
1-0: Ball
2-0: Called Strike
2-1: Called Strike
2-2: Ground out 1-3 (Groundball, 13)
Top of the 9th over - 0 run(s), 0 hit(s), 0 error(s), 0 left on base; Minnesota 3 - Penquannock 7
Tuesday, August 8th, 2017 - OOTP Baseball 17.12 Build 75